[Event "Titled Tuesday Blitz February 28 Late 2023"]
[White "Yoo, Christopher Woojin"]
[Black "Moroni, Luca Jr"]
[WhiteFideId "30909694"]
[BlackFideId "865834"]
[WhiteElo "2519"]
[BlackElo "2569"]
[Result "1-0"]
[Round "09"]
[TimeControl "180+2"]
[Date "2023.02.28"]
[WhiteClock "0:00:03"]
[BlackClock "0:00:01"]

1. e4 g6 2. d4 Bg7 3. Nc3 a6 4. Nf3 b5 5. a4 b4 6. Nd5 Bb7 7. Bd3 Nc6 8. c3 bxc3 9. bxc3 e6 10. Ne3 Nge7 11. Rb1 Rb8 12. O-O O-O 13. Ba3 d6 14. Qe2 a5 15. Rb2 Ba8 16. Rxb8 Qxb8 17. Rb1 Qa7 18. h4 Rb8 19. Rb5 Nd8 20. Nc4 Rxb5 21. axb5 Nc8 22. h5 a4 23. Qe3 Nb6 24. Qg5 Qb8 25. Nxb6 cxb6 26. Qe7 Bf8 27. Qd7 d5 28. Qe8 Nc6 29. Qxf8+ Qxf8 30. Bxf8 Na5 31. Bb4 dxe4 32. Bxa5 exd3 33. Nd2 bxa5 34. Kf1 a3 35. Nb3 Bd5 36. b6 Bc4 37. Ke1 Bxb3 38. b7 a2 39. b8=Q+ Kg7 40. Qe5+ Kg8 41. Qxa5 gxh5 42. Kd2 Bc4 43. Qa3 Kg7 44. Qa5 Kg6 45. f4 f5 46. Qa8 h4 47. Qa4 Kh5 48. Qe8+ Kg4 49. Qa8 1-0


[Site "https://www.chess.com"]

[Event "Titled Tuesday Blitz February 28 Late 2023"]
[White "Gokerkan, Cem Kaan"]
[Black "Bortnyk, Mykola"]
[WhiteFideId "6336760"]
[BlackFideId "14120836"]
[WhiteElo "2365"]
[BlackElo "2582"]
[Result "1-0"]
[Round "09"]
[TimeControl "180+2"]
[Date "2023.02.28"]
[WhiteClock "0:00:05"]
[BlackClock "0:00:02"]

1. e4 Nf6 2. e5 Nd5 3. d4 d6 4. c4 Nb6 5. f4 dxe5 6. fxe5 Nc6 7. Be3 Bf5 8. Nc3 e6 9. Nf3 Qd7 10. Bd3 Bg4 11. c5 Bxf3 12. Qxf3 Bxc5 13. dxc5 Nxe5 14. Qe4 Nxd3+ 15. Ke2 Nxc5 16. Bxc5 O-O-O 17. Rad1 Nd5 18. Bf2 Nxc3+ 19. bxc3 Qb5+ 20. Kf3 Qh5+ 21. g4 Qa5 22. Rxd8+ Rxd8 23. c4 Qxa2 24. Rb1 Qa6 25. h4 h6 26. Rb5 f6 27. g5 hxg5 28. hxg5 fxg5 29. Kg2 g4 30. Qxg4 Qc6+ 31. Qf3 Qxf3+ 32. Kxf3 b6 33. Rg5 Rf8+ 34. Ke3 Rf7 35. Bg3 a5 36. Rg6 Kd7 37. Be5 a4 38. Bxg7 c6 39. Be5 b5 40. Kd4 Rh7 41. Kc5 a3 42. cxb5 cxb5 43. Rg1 Rh5 44. Rg7+ Ke8 45. Kd6 b4 46. Ra7 Rh6 47. Ra4 Rh4 48. Kxe6 Rh6+ 49. Bf6 Rxf6+ 50. Kxf6 1-0


[Site "https://www.chess.com"]

[Event "Titled Tuesday Blitz February 28 Late 2023"]
[White "Swiercz, Dariusz"]
[Black "Mendonca, Leon Luke"]
[WhiteFideId "1126881"]
[BlackFideId "35028561"]
[WhiteElo "2627"]
[BlackElo "2464"]
[Result "1-0"]
[Round "09"]
[TimeControl "180+2"]
[Date "2023.02.28"]
[WhiteClock "0:00:24"]
[BlackClock "0:00:05"]

1. d4 Nf6 2. c4 e6 3. Nc3 Bb4 4. e3 O-O 5. Bd2 b6 6. Bd3 Bb7 7. Nf3 d6 8. O-O Nbd7 9. Rc1 a5 10. a3 Bxc3 11. Bxc3 Ne4 12. Be1 f5 13. Nd2 Ndf6 14. f3 Nxd2 15. Qxd2 a4 16. Bh4 Qe8 17. c5 dxc5 18. dxc5 b5 19. c6 Bxc6 20. Qc3 Ra6 21. Rfd1 Nd5 22. Qe5 Qf7 23. Bf1 h6 24. Rd2 Rb6 25. Bf2 Ra6 26. Rdc2 Qd7 27. Bg3 Rb8 28. h4 Rab6 29. Bf2 Ra6 30. Rd2 Qe7 31. Bg3 Rf8 32. Rdc2 Qd7 33. Qd4 Qe8 34. Be5 Rf7 35. Kh2 Rb6 36. Rxc6 Rxc6 37. Bxb5 Ne7 38. Bxc6 Nxc6 39. Qxa4 Qe7 40. Qxc6 Qxh4+ 41. Kg1 1-0


[Site "https://www.chess.com"]

[Event "Titled Tuesday Blitz February 28 Late 2023"]
[White "Fier, Alexandr"]
[Black "Svane, Frederik"]
[WhiteFideId "2107139"]
[BlackFideId "12923044"]
[WhiteElo "2610"]
[BlackElo "2502"]
[Result "0-1"]
[Round "09"]
[TimeControl "180+2"]
[Date "2023.02.28"]
[WhiteClock "0:00:23"]
[BlackClock "0:00:11"]

1. d4 Nf6 2. c4 e6 3. Nf3 d5 4. Nc3 Nbd7 5. cxd5 exd5 6. Bf4 Nb6 7. e3 Bd6 8. Be5 Bf5 9. h3 O-O 10. Be2 c6 11. O-O Ne4 12. Rc1 Re8 13. a3 a5 14. Bd3 Nxc3 15. Rxc3 Bxd3 16. Qxd3 Nc4 17. Bxd6 Qxd6 18. Qc2 a4 19. Nd2 Nb6 20. b4 Nc8 21. Rd3 Qe7 22. Nb1 Nd6 23. Nc3 b5 24. Nb1 Nc4 25. Nd2 Qg5 26. Nxc4 bxc4 27. Rd2 h5 28. Re2 Qf6 29. Rfe1 Re4 30. f3 Re6 31. Qc3 Rae8 32. e4 Qf4 33. e5 h4 34. Qe3 g5 35. Qxf4 gxf4 36. Kf2 Kg7 37. Rb1 Rb8 38. Rc2 Kg6 39. Kf1 Kf5 40. Rcb2 Rb5 41. Rc1 Rb7 42. Rcb1 Rb5 43. Kf2 Re7 44. Rd2 Rb8 45. Rdb2 Rb5 46. Rd2 Ke6 47. Rdb2 Kd7 48. Rd2 Kc7 49. Re1 Rb8 50. Rde2 Re6 51. Rb1 Kb6 52. Rc2 Rbe8 53. Rbb2 Kb5 54. Kf1 Rf8 55. Kf2 f6 56. exf6 Re3 57. Re2 c3 58. Rb1 Kc4 59. Rxe3 fxe3+ 60. Kxe3 Rxf6 61. b5 c2 62. Rc1 Kc3 63. b6 Re6+ 64. Kf2 Kd2 65. b7 Re8 66. Re1 Rb8 67. Re2+ Kc3 68. Re1 Rxb7 0-1


[Site "https://www.chess.com"]

[Event "Titled Tuesday Blitz February 28 Late 2023"]
[White "Costachi, Mihnea"]
[Black "Livaic, Leon"]
[WhiteFideId "1217518"]
[BlackFideId "14531534"]
[WhiteElo "2456"]
[BlackElo "2509"]
[Result "0-1"]
[Round "09"]
[TimeControl "180+2"]
[Date "2023.02.28"]
[WhiteClock "0:00:04"]
[BlackClock "0:00:23"]

1. Nc3 d5 2. d4 c6 3. Bf4 Bf5 4. e3 e6 5. Bd3 Bg6 6. Nf3 Nd7 7. O-O Ngf6 8. Qe2 Bb4 9. Nb1 O-O 10. Nbd2 Re8 11. c3 Bf8 12. Bxg6 hxg6 13. e4 dxe4 14. Nxe4 Nxe4 15. Qxe4 Nf6 16. Qe2 Qd5 17. Rfe1 a5 18. h3 a4 19. c4 Qf5 20. Bh2 Bb4 21. Red1 a3 22. bxa3 Bxa3 23. Rab1 Ra7 24. Rb3 Bf8 25. Rdb1 Rea8 26. Rxb7 Rxa2 27. Qe5 Ne4 28. Qxf5 gxf5 29. Bg3 g5 30. Re1 Ra1 31. Rbb1 Rxb1 32. Rxb1 f4 33. Bh2 Ra2 34. Rf1 Rc2 35. c5 Bg7 36. g3 fxg3 37. Bxg3 Rc3 38. Kg2 Rxf3 39. Kxf3 Nd2+ 40. Ke2 Nxf1 41. Kxf1 Bxd4 42. Bd6 f5 43. f3 Kf7 44. Ke2 Bf6 45. Bg3 Be7 46. Bf2 Kf6 47. Bd4+ e5 48. Bf2 Ke6 49. Kd3 Kd5 50. Be3 f4 51. Bd2 Bxc5 52. Be1 Be7 53. Bf2 c5 54. Kc3 c4 55. Be1 Bc5 56. Kc2 e4 57. fxe4+ Kxe4 58. Bf2 Bxf2 0-1


[Site "https://www.chess.com"]

[Event "Titled Tuesday Blitz February 28 Late 2023"]
[White "Leschinsky, Gary"]
[Black "Hansen, Eric"]
[WhiteFideId "30951321"]
[BlackFideId "2606771"]
[WhiteElo "1855"]
[BlackElo "2569"]
[Result "0-1"]
[Round "09"]
[TimeControl "180+2"]
[Date "2023.02.28"]
[WhiteClock "0:00:59"]
[BlackClock "0:02:05"]

1. d4 Nf6 2. c4 g6 3. Nc3 d5 4. Bg5 Ne4 5. Bh4 Nxc3 6. bxc3 Bg7 7. e3 c5 8. cxd5 Qxd5 9. Nf3 Nc6 10. Be2 O-O 11. O-O cxd4 12. cxd4 b6 13. Nd2 Bb7 14. Bf3 Qd7 15. Rc1 Rfd8 16. Qe2 Rac8 17. Rfd1 Nb4 18. Bxb7 Qxb7 19. a3 Na2 20. Rxc8 Rxc8 21. Ne4 Qxe4 22. Qxa2 Qxh4 23. Qd5 Qh5 24. Qxh5 gxh5 25. f3 Rc3 26. e4 Rxa3 27. d5 Be5 28. g3 Rxf3 0-1


[Site "https://www.chess.com"]

[Event "Titled Tuesday Blitz February 28 Late 2023"]
[White "Golubka, Petro"]
[Black "Deac, Bogdan-Daniel"]
[WhiteFideId "14114224"]
[BlackFideId "1226380"]
[WhiteElo "2404"]
[BlackElo "2649"]
[Result "0-1"]
[Round "09"]
[TimeControl "180+2"]
[Date "2023.02.28"]
[WhiteClock "0:00:14"]
[BlackClock "0:00:03"]

1. e4 c6 2. Nf3 d5 3. d3 Nd7 4. Nc3 Ngf6 5. e5 d4 6. Ne2 Nxe5 7. Nexd4 Ng6 8. Nb3 e5 9. Be2 Bd6 10. O-O O-O 11. a4 Nd5 12. a5 f5 13. c3 Qf6 14. Bg5 Qf7 15. Bd2 Ndf4 16. Re1 e4 17. Nfd4 Nh4 18. Bxf4 Bxf4 19. g3 Bc7 20. Nd2 f4 21. dxe4 Qg6 22. e5 fxg3 23. hxg3 Kh8 24. Bh5 Qg5 25. Qe2 Nf5 26. Ne4 Qe7 27. f4 Nxd4 28. cxd4 Bf5 29. Bf3 Qb4 30. Qf2 Rad8 31. Red1 Bxa5 32. Kg2 Bb6 33. Nc5 Bc8 34. Be4 Bxc5 35. dxc5 Qxe4+ 0-1


[Site "https://www.chess.com"]

[Event "Titled Tuesday Blitz February 28 Late 2023"]
[White "Kramnik, Vladimir"]
[Black "Makridis, Dimitrios"]
[WhiteFideId "4101588"]
[BlackFideId "25864475"]
[WhiteElo "2712"]
[BlackElo "2277"]
[Result "1-0"]
[Round "09"]
[TimeControl "180+2"]
[Date "2023.02.28"]
[WhiteClock "0:01:58"]
[BlackClock "0:02:02"]

1. e4 c5 2. Nf3 Nf6 3. e5 Nd5 4. g3 Nc6 5. Bg2 d6 6. exd6 Bg4 7. h3 Bh5 8. O-O e6 9. d4 Bxd6 10. c4 Nb6 11. g4 Bg6 12. d5 exd5 13. cxd5 Ne7 14. Nc3 O-O 15. Re1 Nexd5 16. Nxd5 Nxd5 17. Qxd5 1-0


[Site "https://www.chess.com"]

[Event "Titled Tuesday Blitz February 28 Late 2023"]
[White "Pulpan, Jakub"]
[Black "Sarana, Alexey"]
[WhiteFideId "302759"]
[BlackFideId "24133795"]
[WhiteElo "2484"]
[BlackElo "2717"]
[Result "0-1"]
[Round "09"]
[TimeControl "180+2"]
[Date "2023.02.28"]
[WhiteClock "0:00:30"]
[BlackClock "0:01:30"]

1. Nf3 d5 2. b3 c5 3. e3 Nc6 4. Bb2 a6 5. d4 cxd4 6. Nxd4 Nf6 7. Be2 Nxd4 8. Bxd4 Bf5 9. c4 e6 10. O-O dxc4 11. Bxc4 Be7 12. Be2 O-O 13. Nd2 Rc8 14. Bb2 Rc2 15. Nc4 b5 16. Qxd8 Rxd8 17. Bd1 Rxb2 18. Nxb2 Ba3 19. Be2 Bxb2 20. Rad1 Nd5 21. Bf3 Bc2 22. Rd2 Rc8 23. Bxd5 exd5 24. Rxd5 b4 25. Rd6 g6 26. Re1 a5 27. Rd5 a4 28. bxa4 Bxa4 29. h3 Rc2 30. Ra5 Bd7 31. Rb1 Be6 32. Ra4 Ba3 33. Rbxb4 Bxb4 34. Rxb4 Rxa2 0-1


[Site "https://www.chess.com"]

[Event "Titled Tuesday Blitz February 28 Late 2023"]
[White "Nasuta, Grzegorz"]
[Black "Sjugirov, Sanan"]
[WhiteFideId "1141686"]
[BlackFideId "4189302"]
[WhiteElo "2449"]
[BlackElo "2569"]
[Result "0-1"]
[Round "09"]
[TimeControl "180+2"]
[Date "2023.02.28"]
[WhiteClock "0:00:10"]
[BlackClock "0:00:08"]

1. e4 d6 2. d4 Nf6 3. Nc3 e5 4. Nf3 Nbd7 5. Rg1 c6 6. g4 h6 7. h4 exd4 8. Nxd4 Ne5 9. Be2 d5 10. Bf4 Ng6 11. Bg3 Nxe4 12. Nxe4 dxe4 13. h5 Ne5 14. Bxe5 Qa5+ 15. Qd2 Qxe5 16. O-O-O Be7 17. Kb1 Bf6 18. c3 O-O 19. Bc4 Qe7 20. Qe2 Rd8 21. Bb3 a5 22. Bc2 Re8 23. Rde1 Bxd4 24. cxd4 Qf6 25. Bxe4 Be6 26. d5 Bxd5 27. Qc2 Bxe4 28. Rxe4 Rxe4 29. Qxe4 Qxf2 30. Rd1 Qf6 31. Rd7 Rd8 32. Rxb7 Qf1+ 33. Kc2 Qd1+ 34. Kc3 Qd2+ 35. Kc4 a4 36. Kc5 Qa5+ 37. Kc4 Qa6+ 38. Kc3 Qxb7 0-1


[Site "https://www.chess.com"]

[Event "Titled Tuesday Blitz February 28 Late 2023"]
[White "Chigaev, Maksim"]
[Black "Fernandez Guillen, Ernesto J."]
[WhiteFideId "4108116"]
[BlackFideId "3512428"]
[WhiteElo "2547"]
[BlackElo "2423"]
[Result "1-0"]
[Round "09"]
[TimeControl "180+2"]
[Date "2023.02.28"]
[WhiteClock "0:00:06"]
[BlackClock "0:00:10"]

1. Nf3 Nf6 2. c4 g6 3. Nc3 Bg7 4. e4 d6 5. d4 O-O 6. Be2 e5 7. O-O Nc6 8. d5 Ne7 9. b4 Ne8 10. a4 f5 11. a5 h5 12. c5 f4 13. Nd2 g5 14. Bxh5 Nf6 15. Be2 Ng6 16. Ra3 g4 17. a6 b6 18. Nb5 Rf7 19. cxd6 cxd6 20. Rc3 Bf8 21. Rc6 Rh7 22. g3 Qe7 23. Nxd6 Rxh2 24. Kxh2 Qh7+ 25. Kg1 Qh3 26. Nxc8 fxg3 27. fxg3 Qxg3+ 28. Kh1 Nh4 29. Rf2 Qxf2 30. Qf1 Qg3 31. Rxf6 Rxc8 32. d6 Rxc1 33. Rxf8+ Kg7 34. Rf7+ Kg6 35. Rf6+ Kg7 36. Rf7+ Kg6 37. Rf6+ Kg5 38. Nf3+ Kxf6 39. Qxc1 gxf3 40. Bf1 f2 41. Qh6+ Ng6 42. Qh2 Qf3+ 43. Qg2 Qh5+ 44. Qh2 Qh4 45. Qxh4+ Nxh4 46. Kh2 Ke6 47. Kg3 Ng6 48. Kxf2 Kxd6 49. Kg3 Nf4 50. Kg4 Ne6 51. Kf5 Nd4+ 52. Kf6 Nc2 53. b5 Ne3 54. Be2 Nd1 55. Bxd1 Kc5 56. Kxe5 Kxb5 57. Kd6 1-0


[Site "https://www.chess.com"]

[Event "Titled Tuesday Blitz February 28 Late 2023"]
[White "Madaminov, Mukhiddin"]
[Black "Bilych, Olexiy"]
[WhiteFideId "14210703"]
[BlackFideId "14156504"]
[WhiteElo "2511"]
[BlackElo "2320"]
[Result "1-0"]
[Round "09"]
[TimeControl "180+2"]
[Date "2023.02.28"]
[WhiteClock "0:00:36"]
[BlackClock "0:00:07"]

1. d4 d5 2. Nc3 Nf6 3. Bf4 c5 4. e4 cxd4 5. Qxd4 Nc6 6. Bb5 Bd7 7. Bxc6 Bxc6 8. e5 Nd7 9. e6 fxe6 10. Nf3 Qb6 11. Qd2 d4 12. Qxd4 Bxf3 13. Qxb6 axb6 14. gxf3 g6 15. O-O-O Bg7 16. Nb5 Rd8 17. Rhe1 e5 18. Be3 Rc8 19. Rd3 Nc5 20. Bxc5 Rxc5 21. Nc3 O-O 22. Ne4 Rc7 23. c3 Rf4 24. h3 Rh4 25. Rh1 Bh6+ 26. Kd1 Kf7 27. Ke2 Ke6 28. Kf1 Rf4 29. Kg2 Rf8 30. Rhd1 Ra8 31. a3 Bf4 32. Rd5 h5 33. Kf1 g5 34. Ke2 Rg8 35. Rb5 Rc6 36. Rg1 Kf5 37. Rb4 g4 38. hxg4+ hxg4 39. Rxg4 Rxg4 40. fxg4+ Kxg4 41. Nd2 Kf5 42. Nc4 b5 43. Na5 Rd6 44. Rxb5 Rd2+ 45. Ke1 Rc2 46. Nc4 Ke4 47. Ne3 Rc1+ 48. Kd2 Rh1 49. Ke2 Rh2 50. Rb4# 1-0


[Site "https://www.chess.com"]

[Event "Titled Tuesday Blitz February 28 Late 2023"]
[White "Martynov, Pavel"]
[Black "Vasquez Schroeder, Rodrigo"]
[WhiteFideId "4101260"]
[BlackFideId "3400042"]
[WhiteElo "2314"]
[BlackElo "2600"]
[Result "0-1"]
[Round "09"]
[TimeControl "180+2"]
[Date "2023.02.28"]
[WhiteClock "0:00:25"]
[BlackClock "0:00:49"]

1. e4 c6 2. d4 d5 3. exd5 cxd5 4. c4 Nf6 5. Nc3 e6 6. Nf3 Bb4 7. a3 Bxc3+ 8. bxc3 Qa5 9. Bd2 O-O 10. Bd3 dxc4 11. Bxc4 b6 12. O-O Ba6 13. Ne5 Bxc4 14. Nxc4 Qa6 15. Ne3 Nc6 16. Qf3 Rac8 17. h4 Qd3 18. Rad1 Qe4 19. Qg3 Na5 20. f3 Qg6 21. Ng4 Nc4 22. Bc1 Nh5 23. Qh2 Rfd8 24. Rfe1 Nf6 25. Nxf6+ gxf6 26. h5 Qf5 27. Re4 e5 28. Rde1 Kh8 29. Rg4 Rg8 30. Qg3 Qxh5 31. Kf2 Rxg4 32. fxg4 Qg6 33. g5 fxg5 34. dxe5 h6 35. Rh1 Kg7 36. Rxh6 Qc2+ 37. Kg1 Qxc1+ 38. Kh2 Qf4 39. Qxf4 gxf4 0-1


[Site "https://www.chess.com"]

[Event "Titled Tuesday Blitz February 28 Late 2023"]
[White "Holt, Conrad"]
[Black "Averjanov, Alexey"]
[WhiteFideId "2034387"]
[BlackFideId "14109867"]
[WhiteElo "2592"]
[BlackElo "2676"]
[Result "1/2-1/2"]
[Round "09"]
[TimeControl "180+2"]
[Date "2023.02.28"]
[WhiteClock "0:00:02"]
[BlackClock "0:00:04"]

1. d4 d5 2. c4 dxc4 3. e3 Nf6 4. Bxc4 e6 5. Nf3 a6 6. O-O b5 7. Bb3 Bb7 8. Qe2 Nbd7 9. Rd1 c5 10. e4 cxd4 11. e5 Nd5 12. Nxd4 Be7 13. Bxd5 Bxd5 14. Nc3 Nb6 15. Qg4 g6 16. Bh6 Qd7 17. Rac1 Qb7 18. Nxd5 Nxd5 19. Nxe6 fxe6 20. Qxe6 Rd8 21. g3 Qd7 22. Qxa6 Kf7 23. Rc6 Qf5 24. e6+ Kf6 25. Qxb5 Ne3 26. Qxf5+ Nxf5 27. Rxd8 Rxd8 28. Bf4 g5 29. Bc1 Rd1+ 30. Kg2 g4 31. Rc4 h5 32. h3 Nd4 33. hxg4 hxg4 34. Be3 Ke5 35. a4 Kd5 36. Rc7 Nf3 37. Rc1 Rxc1 38. Bxc1 Kxe6 39. Kf1 Kd5 40. Ke2 Bc5 41. Be3 Bb4 42. Kd3 Ne5+ 43. Kc2 Nf3 44. Kb3 Ba5 45. Ka3 Kc4 46. b3+ Kc3 47. Bc5 Nd4 48. b4 Nc2+ 49. Ka2 Nxb4+ 50. Kb1 Nd3 51. Be3 Kb3 52. Bd4 Be1 53. a5 Bxa5 54. f4 gxf3 55. g4 Bd2 56. Bg1 Bg5 57. Bd4 Bh4 58. Be3 Bg5 59. Bg1 Kc3 60. Ba7 Kc4 61. Kc2 Nc5 62. Kd1 Ne4 63. Ke1 Nf6 64. Kf2 Nxg4+ 65. Kxf3 Nf6 66. Be3 Kd5 67. Bxg5 1/2-1/2


[Site "https://www.chess.com"]

[Event "Titled Tuesday Blitz February 28 Late 2023"]
[White "Sebag, Marie"]
[Black "Real_OceanStorm"]
[WhiteFideId "617822"]
[WhiteElo "2440"]
[BlackElo "2782"]
[Result "1/2-1/2"]
[Round "09"]
[TimeControl "180+2"]
[Date "2023.02.28"]
[WhiteClock "0:00:03"]
[BlackClock "0:00:03"]

1. e4 e5 2. Nf3 Nc6 3. Bb5 a6 4. Ba4 Nf6 5. O-O b5 6. Bb3 d6 7. Ng5 d5 8. exd5 Nd4 9. d6 Nxb3 10. axb3 Bxd6 11. Qf3 Bg4 12. Qg3 O-O 13. Ne4 Bf5 14. Nxd6 cxd6 15. d3 Re8 16. Nc3 b4 17. Na4 Rc8 18. c3 Rb8 19. c4 Bg6 20. Bg5 Nh5 21. Qh4 Qd7 22. Rfe1 a5 23. h3 h6 24. Be3 Nf6 25. Bxh6 Bxd3 26. Rad1 Bg6 27. Bg5 Re6 28. Nc5 dxc5 29. Rxd7 Nxd7 30. Rd1 Nf6 31. Bxf6 Rxf6 32. Qg3 Re6 33. Qe3 Rc8 34. Rd5 Rec6 35. Rxe5 Kf8 36. Rd5 Kg8 37. Qd2 f6 38. Rd8+ Kh7 39. Rxc8 Rxc8 40. Qd7 Ra8 41. Qd6 Rc8 42. Qd7 Ra8 43. Qc7 Re8 44. Qxc5 Re1+ 45. Kh2 Re2 46. Qxa5 Rxf2 47. Qa8 Rxb2 48. Qd5 Rxb3 49. c5 Re3 50. c6 Rc3 51. Qb5 b3 52. c7 Rxc7 53. Qxb3 Rc6 54. Qf3 Rc4 55. Qg3 Bc2 56. Qf2 Bg6 57. Qe2 Re4 58. Qf2 Rc4 59. h4 Kg8 60. Qg3 Bf7 61. Qe1 Kh7 62. g3 Bg6 63. Qe3 Re4 64. Qf3 Rb4 65. Qe3 Be4 66. Kg1 Rb1+ 67. Kf2 f5 68. Qg5 Rb6 69. Qh5+ Rh6 70. Qg5 Re6 71. Qh5+ Kg8 72. Qg5 Kf7 73. Qf4 Kg6 74. Qc7 Kf6 75. Qf4 Rb6 76. g4 Rb2+ 77. Ke1 Rb1+ 78. Kd2 g6 79. g5+ Ke6 80. Qc7 Rb2+ 81. Ke3 Rb3+ 82. Kd4 Rd3+ 83. Kc4 Rh3 84. Qb6+ Ke5 85. Qf6+ Kf4 86. Qxg6 Rxh4 87. Qd6+ Kxg5 88. Qe7+ Kg4 89. Kc3 Rh1 90. Kd4 Rd1+ 91. Ke5 Rd5+ 92. Kf6 Kf3 93. Qg7 Rd3 94. Qg1 f4 95. Qf1+ Ke3 96. Qe1+ Kd4 97. Qf2+ Re3 98. Qxf4 Rf3 99. Qxf3 Bxf3 1/2-1/2


[Site "https://www.chess.com"]

[Event "Titled Tuesday Blitz February 28 Late 2023"]
[White "Fiorito, Francisco"]
[Black "Pakleza, Zbigniew"]
[WhiteFideId "180165"]
[BlackFideId "1119290"]
[WhiteElo "2341"]
[BlackElo "2410"]
[Result "1-0"]
[Round "09"]
[TimeControl "180+2"]
[Date "2023.02.28"]
[WhiteClock "0:00:20"]
[BlackClock "0:00:01"]

1. d4 d6 2. e4 Nf6 3. Nc3 c6 4. Be3 Qb6 5. Rb1 Ng4 6. Bg5 e5 7. Nf3 Nd7 8. h3 Ngf6 9. Bc4 Be7 10. O-O O-O 11. Re1 Re8 12. Bb3 Qc7 13. Qd2 Nf8 14. Rbd1 b5 15. a3 a6 16. Ba2 Ng6 17. d5 c5 18. Qe3 h6 19. Bxf6 Bxf6 20. Ne2 c4 21. Ng3 Nf4 22. Bb1 g6 23. c3 h5 24. Ne2 Nxe2+ 25. Qxe2 Kg7 26. Qe3 Qb7 27. Rf1 Bd8 28. Nh2 Bb6 29. Qg3 Qe7 30. Kh1 Bd7 31. f4 exf4 32. Rxf4 Rf8 33. Rdf1 a5 34. Nf3 Bd8 35. e5 Bc7 36. e6 Be8 37. Nd4 Kh8 38. exf7 Bxf7 39. Bxg6 Bxg6 40. Qxg6 Rxf4 41. Rxf4 1-0


[Site "https://www.chess.com"]

[Event "Titled Tuesday Blitz February 28 Late 2023"]
[White "Skvortsov, Andrei"]
[Black "Maximov, Dmitry"]
[WhiteFideId "24108600"]
[BlackFideId "14105659"]
[WhiteElo "2259"]
[BlackElo "2494"]
[Result "1-0"]
[Round "09"]
[TimeControl "180+2"]
[Date "2023.02.28"]
[WhiteClock "0:00:10"]
[BlackClock "0:00:08"]

1. e4 c5 2. d4 cxd4 3. Qxd4 Nc6 4. Qd3 g6 5. Nc3 Bg7 6. Nf3 d6 7. Be2 Bg4 8. O-O Nf6 9. Nd5 O-O 10. c3 Rc8 11. Rd1 a6 12. Bg5 Bxf3 13. Qxf3 Nxd5 14. exd5 Ne5 15. Qe3 Re8 16. a4 Qc7 17. Rd4 Qc5 18. Rad1 Nd7 19. Rb4 Qc7 20. Bg4 Bf6 21. Bh6 Rcd8 22. Be2 Nc5 23. Qh3 e6 24. dxe6 Rxe6 25. Be3 Rde8 26. Bc4 R6e7 27. Bd5 b6 28. Qf3 Bg7 29. Rf4 Ne6 30. Rc4 Qb8 31. Rh4 Nc7 32. Bc6 Rf8 33. Rxd6 Ne6 34. Rd1 Qc7 35. Rc4 Qe5 36. Rd5 Qb8 37. g3 h5 38. Rd1 Rd8 39. Kg2 Rxd1 40. Qxd1 Kh7 41. h4 b5 42. axb5 axb5 43. Rb4 Nc7 44. Bf4 Qc8 45. Bf3 Rd7 46. Qe2 Ne6 47. Be3 Qd8 48. Rxb5 Rd6 49. Rb7 Qf6 50. Rb4 Qe5 51. Re4 Qa5 52. Qc2 Ra6 53. Be2 Ra8 54. Bf3 Rb8 55. b3 Qa1 56. Rc4 Rd8 57. Bxh5 Ra8 58. Bf3 Ra2 59. Qd3 Qb2 60. h5 Qxb3 61. hxg6+ fxg6 62. Rb4 Qxc3 63. Qxc3 Bxc3 64. Rb7+ Bg7 65. Bg4 Ra6 66. Bxe6 Rxe6 67. Bd4 Kh6 68. Bxg7+ Kg5 69. Bd4 Kf5 70. Be3 Ke4 71. Rb4+ Kd3 72. Kf3 Kc3 73. Rf4 Rd6 74. Rd4 Rxd4 75. Bxd4+ Kxd4 76. Kf4 Kd5 77. Kg5 Ke4 78. Kxg6 Kf3 79. Kf5 Kxf2 80. g4 1-0


[Site "https://www.chess.com"]

[Event "Titled Tuesday Blitz February 28 Late 2023"]
[White "Rozman, Levy"]
[Black "Bjelobrk, Igor"]
[WhiteFideId "2039877"]
[BlackFideId "4300726"]
[WhiteElo "2376"]
[BlackElo "2335"]
[Result "0-1"]
[Round "09"]
[TimeControl "180+2"]
[Date "2023.02.28"]
[WhiteClock "0:00:08"]
[BlackClock "0:00:39"]

1. e4 e6 2. b3 d5 3. Bb2 c5 4. Bb5+ Nc6 5. exd5 exd5 6. Nf3 Qe7+ 7. Be2 Nf6 8. O-O Qd8 9. d4 cxd4 10. Bb5 Be7 11. Nxd4 Bd7 12. Nf3 O-O 13. Re1 Bg4 14. Be2 Re8 15. Nbd2 Bc5 16. h3 Bh5 17. Rf1 Ne4 18. g4 Bg6 19. Kg2 Qe7 20. Bd3 Rad8 21. a3 Bb6 22. b4 a6 23. Nb3 h5 24. Qe2 hxg4 25. hxg4 Qd7 26. Nh4 Nxf2 27. Qf3 Re3 28. Rxf2 Rxf3 29. Rxf3 Qxg4+ 30. Rg3 Qxh4 31. Bxg6 fxg6 32. Rh1 Qe4+ 33. Kh3 Qxh1+ 0-1


[Site "https://www.chess.com"]

[Event "Titled Tuesday Blitz February 28 Late 2023"]
[White "Gunduz, Umut Erdem"]
[Black "Yuan, Qingyu"]
[WhiteFideId "6381383"]
[BlackFideId "8609772"]
[WhiteElo "2182"]
[BlackElo "2359"]
[Result "0-1"]
[Round "09"]
[TimeControl "180+2"]
[Date "2023.02.28"]
[WhiteClock "0:00:38"]
[BlackClock "0:00:46"]

1. e4 e5 2. Nf3 Nc6 3. Bb5 Nf6 4. O-O Nxe4 5. Re1 Nd6 6. Nxe5 Nxe5 7. Rxe5+ Be7 8. Bd3 O-O 9. Nc3 Ne8 10. b3 c6 11. Bb2 d5 12. Qf3 Bd6 13. Re2 Qh4 14. h3 Nc7 15. Nd1 Ne6 16. Bf5 Qf4 17. Qg3 Qxg3 18. fxg3 Bxg3 19. Nf2 Nf4 20. Re3 Bxf5 21. Rxg3 Ne2+ 22. Kh2 Nxg3 23. Kxg3 Bxc2 24. Ng4 Rae8 25. h4 h5 26. Nf2 f6 27. d3 Bxd3 0-1


[Site "https://www.chess.com"]

[Event "Titled Tuesday Blitz February 28 Late 2023"]
[White "Hambleton, Aman"]
[Black "Vlassov, Nikolai"]
[WhiteFideId "2606577"]
[BlackFideId "4103360"]
[WhiteElo "2511"]
[BlackElo "2324"]
[Result "1/2-1/2"]
[Round "09"]
[TimeControl "180+2"]
[Date "2023.02.28"]
[WhiteClock "0:00:04"]
[BlackClock "0:00:50"]

1. d4 Nf6 2. c4 Nc6 3. Nf3 e6 4. a3 g6 5. Nc3 Bg7 6. e4 d6 7. Bd3 O-O 8. O-O e5 9. d5 Ne7 10. Nd2 Nh5 11. Re1 f5 12. exf5 Nf4 13. Bf1 Bxf5 14. Nde4 Qd7 15. Be3 h6 16. c5 a6 17. cxd6 cxd6 18. Qb3 Kh7 19. Rad1 g5 20. Qb4 Nc8 21. a4 Rf7 22. a5 Bf8 23. Qc4 Ne7 24. Na4 Rc8 25. Qb4 Nexd5 26. Qb3 Be6 27. Nb6 Nxb6 28. Qxb6 d5 29. Nc5 Bxc5 30. Bxc5 Qc6 31. b4 Qxb6 32. Bxb6 e4 33. Rc1 Rff8 34. Bc5 Rfd8 35. Red1 Kg6 36. h3 Bf5 37. Bb6 Rxc1 38. Rxc1 Rc8 39. Rxc8 Bxc8 40. Kh2 Kf5 41. b5 Ke5 42. bxa6 bxa6 43. g3 Ne6 44. h4 d4 45. hxg5 hxg5 46. Bh3 Bd7 47. Kg1 Bb5 48. Bxe6 Kxe6 49. Bxd4 Kf5 50. Kg2 Kg4 51. Be3 Be2 52. Kg1 Kf5 53. Kh2 Bf1 54. Kg1 Be2 55. Kh2 Kg4 56. Kg1 Kf5 1/2-1/2


[Site "https://www.chess.com"]

[Event "Titled Tuesday Blitz February 28 Late 2023"]
[White "Haydon, David L"]
[Black "Salimova, Nurgyul"]
[WhiteFideId "415405"]
[BlackFideId "2915138"]
[WhiteElo "2326"]
[BlackElo "2314"]
[Result "1-0"]
[Round "09"]
[TimeControl "180+2"]
[Date "2023.02.28"]
[WhiteClock "0:00:15"]
[BlackClock "0:00:03"]

1. Nf3 d5 2. e3 Nf6 3. b3 Bg4 4. Bb2 Nc6 5. h3 Bxf3 6. Qxf3 e5 7. Bb5 Bd6 8. c4 O-O 9. Bxc6 bxc6 10. Nc3 e4 11. Qe2 Qe7 12. cxd5 cxd5 13. O-O Qe5 14. g3 Qf5 15. Kg2 c6 16. f4 exf3+ 17. Rxf3 Qe6 18. Raf1 Nd7 19. Na4 Ne5 20. Bxe5 Qxe5 21. Qa6 c5 22. d4 cxd4 23. exd4 Qe7 24. Nc3 Rad8 25. Nxd5 Qe4 26. Qc6 Qxd4 27. Ne3 Qe5 28. Nc4 Qc5 29. Qxc5 Bxc5 30. Re1 g6 31. Re5 Bd4 32. Re2 Rfe8 33. Rxe8+ Rxe8 34. Rd3 Bc5 35. Rd2 h5 36. Kf3 Kg7 37. Rd5 Bg1 38. Kg2 Bb6 39. a4 Re6 40. Kf3 Bc7 41. g4 h4 42. g5 Bg3 43. b4 Re1 44. Ne3 Rh1 45. Ng4 Rf1+ 46. Kg2 Rf5 47. Rxf5 gxf5 48. Ne3 Kg6 49. Nf1 Bd6 50. b5 Kxg5 51. Kf3 Bb4 52. Ne3 f4 53. Nd5 Bd2 54. Ne7 Kf6 55. Nc6 Be3 56. a5 Ke6 57. Nxa7 Bxa7 58. b6 Bb8 59. a6 Kd7 60. a7 Kc8 61. a8=Q 1-0


[Site "https://www.chess.com"]